 Dungeon Crawl Stone Soup version 0.30-b1-2-g02819fbbbe (webtiles) character file.

Game seed: 7596247735093011976

11 Alarkh the Charlatan (level 2, 22/22 HPs)
             Began as a Demonspawn Artificer on Nov 26, 2023.
             Got out of the dungeon alive.
             The game lasted 00:00:25 (406 turns).

Alarkh the Charlatan (Demonspawn Artificer)          Turns: 406, Time: 00:00:25

Health: 22/22      AC:  3    Str: 12    XL:     2   Next: 17%
Magic:  2/2        EV: 11    Int: 12    God:
Gold:   26         SH:  0    Dex: 13    Spells: 1/1 levels left

rFire   . . .        a - +0 dagger
rCold   . . .        (no shield)
rNeg    . . .        b - +0 leather armour
rPois   .            (no helmet)
rElec   .            (no cloak)
rCorr   .            (no gloves)
SInv    .            (no boots)
Will    .....        (no amulet)
Stlth   +            (no ring)
HPRegen 0.23/turn    (no ring)
MPRegen 0.16/turn

%: no passive effects
@: no status effects
A: magic regeneration
a: no special abilities


You escaped.
You visited 1 branch of the dungeon, and saw 1 of its levels.

You collected 26 gold pieces.

Inventory:

Hand Weapons
 a - a +0 dagger (weapon)
Armour
 b - a +0 leather armour (worn)
Jewellery
 i - a ring of flight
Wands
 c - a wand of flame (15) (quivered)
 d - a wand of charming (15)
 e - a wand of iceblast (5)
Scrolls
 h - a scroll of identify {unknown}
Potions
 f - 2 potions of flight {unknown}
 g - a potion of curing {unknown}


   Skills:
 + Level 2.2 Fighting
 - Level 1.7 Armour
 - Level 0.8 Dodging
 - Level 0.8 Stealth
 - Level 3.0 Evocations


You had one spell level left.
You didn't know any spells.
Your spell library was empty.

Dungeon Overview and Level Annotations

Branches:
Dungeon (1/15)

Altars:


Innate Abilities, Weirdness & Mutations

You regenerate magic rapidly.


Message History

The endoplasm is heavily wounded.
The endoplasm barely misses you. The hobgoblin completely misses you.
The frilled lizard bites you.
You hit the endoplasm.
The endoplasm is almost dead.
The endoplasm closely misses you. The hobgoblin barely misses you.
The frilled lizard barely misses you.
You hit the endoplasm.
You kill the endoplasm!
The frilled lizard bites you.
The hobgoblin hits you but does no damage.
You barely miss the hobgoblin. The frilled lizard bites you.
The hobgoblin barely misses you.
You barely miss the hobgoblin. The frilled lizard barely misses you.
The hobgoblin hits you.
You hit the hobgoblin.
The hobgoblin is heavily wounded.
The frilled lizard bites you. The hobgoblin barely misses you.
You hit the hobgoblin.
You kill the hobgoblin!
The frilled lizard bites you but does no damage.
You hit the frilled lizard but do no damage.
The frilled lizard barely misses you.
You closely miss the frilled lizard.
The frilled lizard bites you but does no damage.
You miss the frilled lizard.
The frilled lizard bites you but does no damage.
You hit the frilled lizard.
You kill the frilled lizard!
No target in view!
No target in view!
No target in view!
No target in view!
Items here: ( ) [ †.
You see here a +0 club.
You open the door.
There is an open door here.
There is a staircase leading out of the dungeon here.
Are you sure you want to leave the Dungeon?
This will make you lose the game!
You have escaped!

.#PP . ##.#.# PP ##.
##..#.##.# #..
##.........
####.####.........
#≈≈≈§≈§§#......#
+.≈≈§≈≈§'.....#
#§...§§§##...##
#≈≈.@.§≈###.##
#≈.§...≈###.#
+.≈§§§≈.'...##
#≈≈≈§≈≈§##...#######
####.####..#.......#
#...# #......####.#
#..## #......####.#
#.## #........##.#
#.# #......#.##.#


There were no monsters in sight!

Vanquished Creatures
  An endoplasm (D:1)
  2 hobgoblins (D:1)
  4 ball pythons (D:1)
  A bat (D:1)
  2 frilled lizards (D:1)
  3 kobolds (D:1)
13 creatures vanquished.

Notes
Turn   | Place    | Note
-------+----------+-------------------------------------------
     0 | D:1      | Alarkh the Demonspawn Artificer began the quest for the
                  | Orb.
     0 | D:1      | Reached XP level 1. HP: 15/15 MP: 1/1
   330 | D:1      | Gained mutation: You regenerate magic rapidly. [demonic
                  | ancestry]
   330 | D:1      | Reached XP level 2. HP: 22/22 MP: 2/2
   406 | D:$      | Got out of the dungeon alive.

Illustrated notes

Levels and vault maps discovered:
D:1:      ncdulo_lavacross, layout_loops_ring, serial_bayou_lagoon_a

Skill      XL: |  1 |
---------------+----+-----
Fighting       | 2 |  2.2
Armour         | |  1.7
Dodging        | |  0.8
Stealth        | |  0.8
Evocations     | |  3.0

Action                     || total
---------------------------++-------
  Melee: Club              ||    34
         Dagger            ||    17
         Punch             ||     1
 Armour: Leather armour    ||    27
  Dodge: Dodged            ||    35
